 Dungeon Crawl Stone Soup version 0.26.1-11-gd32895ea62 (webtiles) character file.

Game seed: 5338271528266724962

74 Almogavar the Covered (level 4, -2/32 HPs)
             Began as a Gnoll Wanderer on July 12, 2021.
             Succumbed to kobold's curare-tipped dart
             ... on level 3 of the Dungeon.
             The game lasted 00:05:12 (2368 turns).

Almogavar the Covered (Gnoll Wanderer)              Turns: 2368, Time: 00:05:12

Health: -2/32      AC:  8    Str: 15    XL:     4   Next: 28%
Magic:  8/8        EV: 11    Int: 15    God:
Gold:   116        SH:  0    Dex: 14    Spells: 9/9 levels left

rFire    . . .     SeeInvis .   b - +0 shortbow
rCold    + . .     Faith    .   (shield currently unavailable)
rNeg     . . .     Spirit   .   d - +0 ring mail
rPois    .         Reflect  .   (no helmet)
rElec    .         Harm     .   (no cloak)
rCorr    .         Rampage  .   (no gloves)
Will     .....     Rnd*Tele +   (no boots)
Stlth    ++........             (no amulet)
HPRegen  0.10/turn              j - ring of protection from cold
MPRegen  0.11/turn              (no ring)

@: brilliant, lethally poisoned (-2 -> -21), slowed, invisible, very slow
A: distributed training, fangs 1, molten scales 1, blurry vision 1, teleportitis
1, sturdy frame 1, strong nose
a: no special abilities


You were on level 3 of the Dungeon.
You visited 1 branch of the dungeon, and saw 3 of its levels.

You collected 116 gold pieces.

Inventory:

Hand Weapons
 a - a +1 vampiric spear
 b - a +0 shortbow (weapon)
 o - a +2 vampiric dagger
Missiles
 c - 36 arrows (quivered ammo)
 h - 55 stones
 m - 16 bolts
 p - 20 poisoned darts
Armour
 d - a +0 ring mail (worn)
 e - a +0 kite shield
 q - a +0 chain mail
Jewellery
 j - a ring of protection from cold (left hand)
Scrolls
 k - a scroll of enchant armour {unknown}
 r - a scroll of fear {unknown}
 s - a scroll of blinking {unknown}
Potions
 f - a potion of might
 i - a potion of cancellation {unknown}
 l - a potion of brilliance
 n - a potion of mutation


   Skills:
 + Level 1.1 Fighting
 + Level 1.1 Short Blades
 + Level 1.1 Long Blades
 + Level 1.1 Axes
 + Level 1.1 Maces & Flails
 + Level 1.1 Polearms
 + Level 1.1 Staves
 + Level 1.1 Slings
 + Level 1.1 Bows
 + Level 4.6 Crossbows
 + Level 1.1 Throwing
 + Level 6.6 Armour
 + Level 1.1 Dodging
 + Level 2.5 Stealth
 + Level 2.7 Shields
 + Level 1.1 Unarmed Combat
 + Level 3.0 Spellcasting
 + Level 0.8 Conjurations
 + Level 0.8 Hexes
 + Level 0.8 Summonings
 + Level 0.8 Necromancy
 + Level 0.8 Translocations
 + Level 0.8 Transmutations
 + Level 0.8 Fire Magic
 + Level 0.8 Ice Magic
 + Level 0.8 Air Magic
 + Level 3.8 Earth Magic
 + Level 0.8 Poison Magic
 + Level 1.2 Invocations
 + Level 1.1 Evocations


You had 9 spell levels left.
You didn't know any spells.
Your spell library was empty.

Dungeon Overview and Level Annotations

Branches:
Dungeon (3/15)

Altars:


Innate Abilities, Weirdness & Mutations

Your experience applies equally to all skills.
You have very sharp teeth.
Your uncanny sense of smell can sniff out nearby items.
You are partially covered in molten scales. (AC +2)
Scrolls take you a little longer to read.
You are occasionally teleported next to monsters.
Your movements are slightly less encumbered by armour. (ER -2)


Message History

You feel very sick.
* * * LOW HITPOINT WARNING * * *
You feel very sick.
* * * LOW HITPOINT WARNING * * *
You feel very sick.
It was a potion of mutation.
You feel extremely strange.
Your vision blurs.
You feel weirdly uncertain.
Molten scales grow over part of your body.
You feel less encumbered by your armour.
* * * LOW HITPOINT WARNING * * *
You feel very sick. The ogre barely misses you.
It was a potion of brilliance.
You feel clever all of a sudden.
* * * LOW HITPOINT WARNING * * *
You feel sick. The ogre barely misses you.
Unknown command.
It was a potion of invisibility.
You fade into invisibility!
You die...

####.#.........#.#
.........#.###.#.####
...........# #.#>..<+
.........#.# #.#...##
.^.......#†# #.#.#.#
.........#.###.#.#.# ∆
#.#####'##.#.....#.#
##.##.#.###.#.#
.##+####..KO@....#.#.#
(((....(####.#.#.#>#.#
........+ ...#.#...#.#
........######.#####
#.......# ..#
######### ###


You could see an ogre and a kobold.

Vanquished Creatures
  3 adders (D:2)
  2 oozes (D:1)
  A worm (D:2)
  A dart slug (D:1)
  A leopard gecko (D:2)
  A ball python (D:2)
  8 bats
  4 goblins
  2 hobgoblins
  3 kobolds (D:1)
  3 frilled lizards (D:1)
  3 rats
32 creatures vanquished.

Notes
Turn   | Place    | Note
-------+----------+-------------------------------------------
     0 | D:1      | Almogavar the Gnoll Wanderer began the quest for the Orb.
     0 | D:1      | Almogavar set off with the following items: a +0 club, a +0
                  | shortbow, 30 arrows, a +0 ring mail, a +0 kite shield
     0 | D:1      | Reached XP level 1. HP: 13/13 MP: 4/4
   243 | D:1      | Reached XP level 2. HP: 19/19 MP: 5/5
  1055 | D:1      | Reached XP level 3. HP: 25/25 MP: 7/7
  1473 | D:2      | Reached skill level 1 in Invocations
  1600 | D:2      | Reached skill level 1 in Fighting
  1600 | D:2      | Reached skill level 1 in Short Blades
  1600 | D:2      | Reached skill level 1 in Long Blades
  1600 | D:2      | Reached skill level 1 in Axes
  1600 | D:2      | Reached skill level 1 in Maces & Flails
  1600 | D:2      | Reached skill level 1 in Polearms
  1600 | D:2      | Reached skill level 1 in Staves
  1600 | D:2      | Reached skill level 1 in Slings
  1600 | D:2      | Reached skill level 1 in Bows
  1600 | D:2      | Reached skill level 1 in Throwing
  1600 | D:2      | Reached skill level 1 in Dodging
  1600 | D:2      | Reached skill level 1 in Unarmed Combat
  1600 | D:2      | Reached skill level 1 in Evocations
  1600 | D:2      | Reached XP level 4. HP: 22/32 MP: 8/8
  2358 | D:3      | Noticed an ogre
  2366 | D:3      | Gained mutation: Scrolls take you a little longer to read.
                  | [potion of mutation]
  2366 | D:3      | Gained mutation: You are occasionally teleported next to
                  | monsters. [potion of mutation]
  2366 | D:3      | Gained mutation: You are partially covered in molten
                  | scales. (AC +2) [potion of mutation]
  2366 | D:3      | Gained mutation: Your movements are slightly less
                  | encumbered by armour. (ER -2) [potion of mutation]
  2367 | D:3      | HP: 1/32 [poisoned by kobold (curare-tipped dart)]
  2368 | D:3      | Succumbed to kobold's curare-tipped dart

Illustrated notes

Levels and vault maps discovered:
D:1:      matt_arrival_los_fun, layout_loops_ring
D:2:      layout_loops_ring
D:3:      layout_basic

Skill      XL: |  1  2  3  4 |
---------------+-------------+-----
Invocations    | 1 |  1.2
Fighting       | 1 |  1.1
Short Blades   | 1 |  1.1
Long Blades    | 1 |  1.1
Axes           | 1 |  1.1
Maces & Flails | 1 |  1.1
Polearms       | 1 |  1.1
Staves         | 1 |  1.1
Slings         | 1 |  1.1
Bows           | 1 |  1.1
Throwing       | 1 |  1.1
Dodging        | 1 |  1.1
Unarmed Combat | 1 |  1.1
Evocations     | 1 |  1.1
Spellcasting   | 3 |  3.0
Crossbows      | |  4.6
Armour         | |  6.6
Stealth        | |  2.5
Shields        | |  2.7
Conjurations   | |  0.8
Hexes          | |  0.8
Summonings     | |  0.8
Necromancy     | |  0.8
Translocations | |  0.8
Transmutations | |  0.8
Fire Magic     | |  0.8
Ice Magic      | |  0.8
Air Magic      | |  0.8
Earth Magic    | |  3.8
Poison Magic   | |  0.8

Action                   |  1- 3 |  4- 6 || total
-------------------------+-------+-------++-------
Melee: Club              |    51 |       ||    51
       Bite              |     7 |     1 ||     8
       Dagger            |    27 |     7 ||    34
 Fire: Shortbow          |    32 |    16 ||    48
  Use: Scroll            |       |     4 ||     4
       Potion            |       |     4 ||     4
 Stab: Sleeping          |     1 |       ||     1
Armor: Ring mail         |    47 |     2 ||    49
Dodge: Dodged            |    40 |    12 ||    52
Block: Kite shield       |    12 |       ||    12
